 Dungeon Crawl Stone Soup version 0.26-a0-466-g989023bd0d (webtiles) character file.

Game seed: 3005000285602660183

384056 sanka the Slayer (level 22, 0/220 HPs)
             Began as a Ghoul Abyssal Knight on Aug 14, 2020.
             Was the Champion of Lugonu.
             Slain by a spark wasp (19 damage)
             ... on level 2 of the Depths.
             The game lasted 02:26:13 (60850 turns).

sanka the Slayer (Ghoul Abyssal Knight)            Turns: 60850, Time: 02:26:14

Health: 0/220      AC: 43    Str: 22    XL:     22   Next: 95%
Magic:  11/31      EV: 13    Int:  7    God:    Lugonu [******]
Gold:   675        SH: 10    Dex: 15    Spells: 21/21 levels left

rFire    + . .     SeeInvis .   a - +16 lance "Wyrmbane" {slay drac, rPois rF+ rC+ AC+3}
rCold    + + .     Faith    +   x - +3 warlock's mirror {reflect}
rNeg     + + +     Spirit   .   R - +3 plate armour of the Sea {+Inv rElec rCorr Dex+3}
rPois    ∞         Reflect  +   g - +2 helmet
rElec    +         Harm     .   o - +2 cloak
rCorr    +                      K - +2 pair of gloves {archery}
MR       +....                  G - +0 pair of boots
Stlth    ..........             Q - amulet of faith
HPRegen  0.00/turn              A - +4 ring of protection
MPRegen  0.22/turn              C - +4 ring of slaying

@: about to teleport
A: rotting body, claws 1, cold resistance 1, negative energy resistance 3,
inhibited regeneration, torment resistance, unbreathing
}: 2/15 runes: decaying, serpentine
a: Depart the Abyss, Bend Space, Banish, Corrupt, Enter the Abyss, Renounce
Religion, Evoke Invisibility


You were on level 2 of the Depths.
You worshipped Lugonu.
Lugonu was exalted by your worship.
You visited 7 branches of the dungeon, and saw 39 of its levels.
You visited the Abyss 4 times.
You also visited: Gauntlet.

You collected 5877 gold pieces.
You spent 5202 gold pieces at shops.


Innate Abilities, Weirdness & Mutations

Your body is rotting away.
You thrive by killing the living.
You are immune to poison.
You have sharp fingernails.
Your flesh is cold resistant. (rC+)
You are immune to negative energy. (rN+++)
You do not regenerate when monsters are visible.
You are immune to unholy pain and torment.
You can survive without breathing.


   Skills:
 + Level 23.1 Fighting
 - Level 12.0 Polearms
 + Level 21.1 Armour
 - Level 10.0 Dodging
 - Level 13.0 Shields
 - Level 14.0 Invocations


You had 21 spell levels left.
You didn't know any spells.
Your spell library contained the following spells:

 Spells                   Type           Power        Failure   Level
 Apportation              Tloc           #.....       95%         1
 Corona                   Hex            #......      95%         1
 Freeze                   Ice            #...         95%         1
 Sandblast                Erth           #.....       95%         1
 Ensorcelled Hibernation  Hex/Ice        #.....       99%         2
 Passwall                 Tmut/Erth      #.......     99%         2
 Slow                     Hex            #.......     99%         2
 Swiftness                Air            #.......     99%         2
 Confusing Touch          Hex            #.......     100%        3
 Dazzling Flash           Conj/Hex       #.....       100%        3
 Inner Flame              Hex/Fire       #.......     100%        3
 Lesser Beckoning         Tloc           #.........   100%        3
 Ozocubu's Armour         Ice            #.......     100%        3
 Portal Projectile        Hex/Tloc       #.....       100%        3
 Stone Arrow              Conj/Erth      #.....       100%        3
 Tukima's Dance           Hex            #.......     100%        3
 Cause Fear               Hex            #.........   100%        4
 Leda's Liquefaction      Hex/Erth       #.........   100%        4
 Passage of Golubria      Tloc           N/A          100%        4
 Petrify                  Tmut/Erth      #.......     100%        4
 Summon Ice Beast         Ice/Summ       #.......     100%        4
 Alistair's Intoxication  Tmut/Pois      #........    100%        5
 Borgnjor's Vile Clutch   Necr/Erth      #.........   100%        5
 Lee's Rapid Deconstruct  Erth           #.........   100%        5
 Silence                  Hex/Air        #.........   100%        5
 Invisibility             Hex            #.......     100%        6
 Shadow Creatures         Summ           N/A          100%        6
 Beastly Appendage        Tmut           Unusable     N/A         1
 Wereblood                Tmut           Unusable     N/A         2
 Spider Form              Tmut/Pois      Unusable     N/A         3
 Ice Form                 Ice/Tmut       Unusable     N/A         4
 Blade Hands              Tmut           Unusable     N/A         5

Inventory:

Hand Weapons
 a - the +16 lance "Wyrmbane" (weapon) {slay drac, rPois rF+ rC+ AC+3}

   It affects your AC (+3).
   It protects you from fire.
   It protects you from cold.
   It protects you from poison.
 b - a +9 demon trident of distortion
 Y - a +2 vampiric demon whip
Armour
 g - a +2 helmet (worn)
 o - a +2 cloak (worn)
 x - the +3 warlock's mirror (worn) {reflect}
 G - a +0 pair of boots (worn)
 K - a +2 pair of gloves of archery (worn)
 R - the +3 plate armour of the Sea (worn) {+Inv rElec rCorr Dex+3}

   It affects your dexterity (+3).
   It insulates you from electricity.
   It lets you turn invisible.
   It provides partial protection from all sources of acid and corrosion.
Jewellery
 f - an uncursed ring of see invisible
 q - an uncursed ring of flight
 A - a +4 ring of protection (left hand)
 C - a +4 ring of slaying (right hand)
 L - a +4 ring of protection
 Q - an amulet of faith (around neck)
 V - an uncursed ring of resist corrosion
Wands
 s - a wand of paralysis (7)
 w - a wand of acid (37)
 y - a wand of iceblast (28)
 O - a wand of disintegration (51)
 P - a wand of clouds (6)
 X - a wand of digging (3)
Scrolls
 d - 7 scrolls of fear
 k - 2 scrolls of amnesia
 p - 5 scrolls of teleportation {@r4}
 t - a scroll of fog
 u - 6 scrolls of immolation {!r}
 v - a scroll of identify {@r1}
 B - 13 scrolls of remove curse
 H - 4 scrolls of blinking
 I - 3 scrolls of silence {!r}
 J - 9 scrolls of enchant armour
 M - 9 scrolls of magic mapping
 N - 2 scrolls of torment
 T - 2 scrolls of summoning
 W - 2 scrolls of vulnerability {!r}
Potions
 c - 7 potions of invisibility
 e - 5 potions of haste {@q3}
 i - 3 potions of ambrosia {unknown}
 j - 4 potions of cancellation
 l - 2 potions of berserk rage {unknown}
 m - 2 potions of magic {unknown}
 n - 9 potions of stabbing
 r - 16 potions of curing {@q1}
 D - 6 potions of might
 E - 4 potions of degeneration {unknown}
 F - 3 potions of resistance {unknown}
 U - 5 potions of brilliance {unknown}
 Z - 3 potions of flight {unknown}
Miscellaneous
 z - a tin of tremorstones (3/3)
 S - a phantom mirror

Dungeon Overview and Level Annotations

Branches:
Dungeon (15/15)            Temple (0/1) D:6            Lair (6/6) D:11
  Swamp (4/4) Lair:3        Snake (4/4) Lair:2        Slime (0/5) Lair:5
    Orc (2/2) D:9             Elf (0/3) Orc:2        Vaults (4/5) D:13
  Crypt (0/3) Vaults:2     Depths (4/5) D:15        Gauntlet (visited)

Altars:
Hepliaklqana
Nemelex Xobeh
Sif Muna
The Shining One
Beogh

Shops:
D:5 }   D:6 [   D:14 }   Orc:2 :}?}   Snake:1 *[[=   Snake:4 ?   Vaults:2 *
Depths:1 *

Portals:
Hell: Depths:1
Abyss: Snake:1 Depths:1 Depths:2 Depths:4
Ziggurat: Depths:3
Trove: D:11 (give +4 demon whip)

Annotations:
D:9 4 runed translucent doors
D:14 4 runed translucent doors
Depths:1 2 transporters, Hexiuplu's ghost, adept SpEn
Depths:3 Asterion; Nikola

▒▒▒▒▒▒▒ ▒▒▒▒▒▒▒▒▒▒▒▒▒▒▒
....... ........y......
▒▒▒▒▒. .......n....p.▒ ▒
..p...ip....p.▒ ▒
..............▒ ▒
..............▒
▒▒▒▒▒▒▒▒▒▒▒▒▒▒▒▒▒▒▒▒▒▒▒▒
..()([((((((.......
.>..)▒▒▒▒▒▒(.▒▒▒▒▒▒▒▒▒▒▒▒▒▒
.....▒ ▒....).(.▒▒........▒
.....▒▒▒...(....▒▒..).....▒▒▒


You could see a spark wasp, 2 hell knights, a spriggan berserker (berserk) and 2
necromancers.


Message History

There is a stone staircase leading up here.
The spark wasp barely misses you.
The spriggan berserker hits you with a +1 antimagic flail.
* * * LOW HITPOINT WARNING * * *
You feel your power leaking away. You block the spark wasp's attack.
You hear some strange, mumbled words.
You climb upwards.
The necromancer shouts!
The necromancer shouts!
Reactivating autopickup.
You hear a shout!
A hell knight comes into view. It is wielding a +1 vorpal battleaxe.
A hell knight comes into view. It is wielding a +5 demon whip.
The necromancer hits you but does no damage.
There is a stone staircase leading down here.
You block the spriggan berserker's attack.
The spark wasp stings you but does no damage.
The necromancer points at you and mumbles some strange words.
The bolt of cold misses you.
The necromancer hits you but does no damage.
The spriggan berserker hits you but does no damage.
Use which ability? (? or * to list) Use which ability? (? or * to list)
Okay, then.
Unknown command.
As you read the scroll of teleportation {@r4}, it crumbles to dust.
You feel strangely unstable. The spark wasp stings you!!
You die...

Action                   |  1- 3 |  4- 6 |  7- 9 | 10-12 | 13-15 | 16-18 | 19-21 | 22-24 || total
-------------------------+-------+-------+-------+-------+-------+-------+-------+-------++-------
Melee: Spear             |   154 |   254 |   197 |       |       |       |       |       ||   605
       Trident           |       |       |   326 |    59 |       |       |       |       ||   385
       Lance             |       |       |       |   738 |  2174 |  2403 |  2674 |   882 ||  8871
       Demon trident     |       |       |       |       |       |       |       |    13 ||    13
Invok: Bend Space        |       |       |     1 |       |       |       |       |       ||     1
       Banish            |       |       |       |       |     2 |     4 |       |       ||     6
       Depart the Abyss  |       |       |       |       |       |       |     1 |       ||     1
       Enter the Abyss   |       |       |       |       |       |       |       |     1 ||     1
       Brand Weapon With |       |       |       |       |       |       |       |     1 ||     1
 Abil: Evoke Invisibilit |       |     1 |     1 |       |     1 |       |       |       ||     3
Evoke: Wand              |       |       |     2 |     5 |    10 |     2 |       |     3 ||    22
  Use: Scroll            |       |       |     5 |     2 |     8 |     9 |     6 |    20 ||    50
       Potion            |       |       |       |       |       |     4 |     1 |    10 ||    15
 Stab: Invisible         |       |     3 |       |       |     4 |       |       |       ||     7
       Petrified         |       |       |       |       |    24 |       |       |       ||    24
       Petrifying        |       |       |       |       |     1 |       |       |       ||     1
       Paralysed         |       |       |       |       |     8 |       |     4 |       ||    12
       Distracted        |       |       |       |       |       |     1 |     2 |     1 ||     4
       Confused          |       |       |       |       |       |     1 |       |       ||     1
Armor: Leather armour    |    29 |    16 |       |       |       |       |       |       ||    45
       Chain mail        |       |    50 |   197 |     3 |       |       |       |       ||   250
       Plate armour      |       |       |       |   151 |   792 |  1068 |   820 |   324 ||  3155
Dodge: Dodged            |    64 |    91 |   110 |    67 |   284 |   421 |   497 |   192 ||  1726
Block: Buckler           |       |       |   112 |    93 |   444 |   624 |   696 |   238 ||  2207
       Reflection        |       |       |    11 |    16 |    34 |    53 |   154 |    34 ||   302

Levels and vault maps discovered:
D:1:      minmay_arrival_solitary_statue, layout_loops_cross,
          minmay_indecisive_spiral
D:2:      layout_basic, uniq_robin, uniq_jessica
D:3:      layout_loops_ring, minmay_goblin_kobold_house, uniq_natasha,
          uniq_crazy_yiuf_cottage
D:4:      layout_cave_pools, nemelex_xobeh_ov_fountains_minmay,
          nicolae_tso_carved_into_rock
D:5:      layout_loops_ring, serial_shops, shop_statue, moated_statue,
          uniq_eustachio
D:6:      cheibrodos_thug_alley, layout_basic, minmay_temple_entry_tees,
          serial_shops, nicolae_shop_stone, minmay_misc_feat_hallway,
          kennysheep_generic_room_8, uniq_menkaure
D:7:      minmay_chambers_of_sevens, layout_basic, biasface_ghost_orc_armoury,
          minmay_hedge_maze
D:8:      layout_cave_pods, gammafunk_ghost_necromancy,
          kennysheep_generic_room_3, uniq_maggie, uniq_erica
D:9:      layout_long_grid, orc_0_dummy, minmay_misc_feat_tiny, minivault_4,
          minmay_hollow_rounded_squares
D:10:     minmay_slanted_spiral_squares, layout_basic, uniq_gastronok,
          uniq_harold, uniq_erolcha
D:11:     layout_stronghold, dpeg_lair_monsters, enter_trove_3
D:12:     layout_cave_pods, uniq_jorgrun
D:13:     layout_basic, david_vaults_3, lightli_church_of_beogh
D:14:     lemuel_bear_cage, layout_rooms, chequers_serial_rivers_micro_d,
          serial_shops, shop, blue_anna_alchemist [blue_anna_fruit_fields,
          blue_anna_fruit_fields]
D:15:     grunt_enter_depths_magical_seal, layout_long_grid,
          serial_bayou_shore_b, minivault_22, minmay_mirror_moons_of_madness,
          uniq_kirke
Lair:1:   layout_cellular_growth, minivault_24, grunt_megastairs_3, uniq_sonja,
          uniq_grum, uniq_fannar
Lair:2:   layout_loops_ring, minmay_snake_entry_guardpost_large,
          serial_bayou_shore_b, grunt_megastairs_4, serial_bayou_shore_a
Lair:3:   layout_small_grid, swamp_mist, lemuel_oklob_altar
Lair:4:   beast_lair_carwin_large_2, layout_gridlike, gauntlet_entry_generic,
          minivault_26, lemuel_fruit_tree
Lair:5:   layout_loops_ring, nicolae_slime_entry_slimehenge
Lair:6:   grunt_lair_end_beastmaster, layout_loops_ring, wad_woods_02
Swamp:1:  layout_basic_swamp, evilmike_swamp_ruin_house_2
Swamp:2:  layout_falls_marsh, serial_swamp_ruin, evilmike_swamp_ruin_rubble_1,
          evilmike_swamp_ruin_wall, evilmike_swamp_ruin_house_1
Swamp:3:  layout_basic_swamp, hangedman_swamp_diagram, swamp_pool5,
          lemuel_altar_in_water, infiniplex_staircase_pool_2
Swamp:4:  swamp_alternative, layout_basic_swamp
Snake:1:  layout_layer_cave, gammafunk_ghost_abyssal_escape, grunt_megastairs_2,
          minmay_shoptagon
Snake:2:  layout_cave_town, minmay_snake_pond
Snake:3:  layout_honeycomb, grunt_ministairs_9
Snake:4:  snake_pit, layout_grid_shapes, serial_shops,
          nicolae_shop_behind_doors, st_stairs_11
Orc:1:    layout_caves
Orc:2:    grunt_orc_tribal_feast, layout_diamond_mine, mines2_lemuel
Vaults:1: nicolae_vaults_network_periphery, vaults_room_fancy_cross,
          nicolae_vaults_little_ls, grunt_vaults_swirl, v_misc_5,
          vaults_mumra_minichess, nicolae_vaults_little_squares_1,
          ontoclasm_vaults_pinch, nicolae_vaults_gold_heap,
          layout_vaults_quadrants
Vaults:2: ebering_vaults_ghost_inner_flame, nicolae_vaults_little_squares_3,
          blue_anna_dwarven_crypt, serial_ice_b, v_pattern_1,
          vaults_room_grunt_arrival_checkpoint, vaults_room_mumra_shop_pool,
          layout_vaults_chaotic_city
Vaults:3: nicolae_vaults_mini_display_case, v_misc_14, v_misc_16,
          nicolae_vaults_little_squares_1, hangedman_vaults_maws, st_hourglassy,
          v_alt_pattern_6, v_rooms_5, ontoclasm_vaults_chip,
          ontoclasm_vaults_decontamination, vaults_dpeg_cross,
          ontoclasm_vaults_hangar, nicolae_vaults_little_squares_5,
          layout_vaults_maze
Vaults:4: hangedman_vaults_restitches, v_misc_14, vaults_room_corners,
          nicolae_vaults_triangles, nicolae_vaults_little_squares_4,
          special_room_vaults [special_room_orc], hangedman_vaults_capsules,
          nicolae_vaults_shelves_hall, hangedman_vaults_maws,
          ontoclasm_vaults_twist, layout_vaults_omnicross, uniq_mara
Depths:1: layout_basic, hangedman_tar_grid_catacomb, serial_bayou_pond_d,
          gammafunk_ghost_abyssal_escape, hangedman_decor_push,
          hangedman_decor_riveting, hangedman_abyss_or_decor_clamps,
          nrook_campfire, drop_trap, minmay_shop_mass,
          minmay_misc_feat_nine_boxes, nrook_mini_backslash
Depths:2: minmay_big_diamond_grid, layout_small_grid,
          abyss_entry_small_statue_room, grunt_metal_band, guppyfry_shop_venom
Depths:3: kennysheep_water_balloons, layout_basic, enter_ziggurat_a,
          rand_demon_pan_entry_3, hex_intersection, hell_entry,
          abyss_entry_crystal, infiniplex_staircase_split_hallway,
          serial_bayou_shore_b, uniq_nikola, uniq_asterion
Depths:4: minmay_distorted_concentric_squares, layout_cave_pools, abyss_entry,
          pf_hell_entry_great_geh, minmay_misc_feat_cross

Notes
Turn   | Place    | Note
-------+----------+-------------------------------------------
     0 | Abyss:1  | sanka the Ghoul Abyssal Knight began the quest for the Orb.
     0 | Abyss:1  | Reached XP level 1. HP: 19/19 MP: 1/1
    11 | D:1      | Escaped the Abyss
    48 | D:1      | Reached skill level 1 in Dodging
    84 | D:1      | Reached skill level 2 in Polearms
    84 | D:1      | Reached skill level 2 in Armour
   261 | D:1      | Reached XP level 2. HP: 26/26 MP: 2/2
   546 | D:1      | Reached ** piety under Lugonu
   677 | D:1      | Reached XP level 3. HP: 32/33 MP: 3/3
  1081 | D:2      | Reached skill level 4 in Fighting
  1157 | D:2      | Reached skill level 3 in Polearms
  1286 | D:2      | Reached XP level 4. HP: 30/40 MP: 4/4
  1462 | D:2      | Noticed Jessica
  1491 | D:2      | Killed Jessica
  1968 | D:2      | Reached skill level 4 in Polearms
  1968 | D:2      | Reached XP level 5. HP: 42/46 MP: 5/5
  1997 | D:2      | Noticed Robin
  2027 | D:2      | Killed Robin
  2377 | D:3      | Noticed an ice beast
  2699 | D:3      | Reached *** piety under Lugonu
  2850 | D:3      | Killed an ice beast
  2850 | D:3      | Reached skill level 5 in Polearms
  2850 | D:3      | Reached XP level 6. HP: 18/52 MP: 5/7
  3064 | D:3      | Reached skill level 3 in Invocations
  3157 | D:3      | Noticed Natasha
  3162 | D:3      | Killed Natasha
  3207 | D:3      | Noticed Natasha
  3215 | D:3      | Killed Natasha
  3261 | D:3      | Found a runed translucent door.
  3262 | D:3      | Noticed Crazy Yiuf
  3345 | D:3      | Noticed Natasha
  3363 | D:3      | Killed Natasha
  3914 | D:4      | Reached XP level 7. HP: 59/59 MP: 8/8
  3973 | D:4      | Reached skill level 4 in Invocations
  3995 | D:4      | Found a sparkling altar of Nemelex Xobeh.
  4135 | D:4      | Found a glowing golden altar of the Shining One.
  4362 | D:5      | Entered Level 5 of the Dungeon
  4508 | D:5      | Found Wyssugut's Gadget Boutique.
  4536 | D:5      | Reached skill level 6 in Polearms
  4755 | D:5      | Reached skill level 5 in Invocations
  4807 | D:5      | Found the +3 warlock's mirror {reflect}
  5070 | D:5      | Reached skill level 1 in Shields
  5070 | D:5      | Reached XP level 8. HP: 58/66 MP: 8/11
  5168 | D:5      | Noticed Eustachio
  5209 | D:5      | Killed Eustachio
  5567 | D:6      | Found Hinwakuo's Armour Shop.
  5637 | D:6      | Reached skill level 2 in Shields
  5637 | D:6      | Reached skill level 6 in Invocations
  5643 | D:6      | Reached skill level 7 in Polearms
  5703 | D:6      | Noticed Menkaure
  5721 | D:6      | Reached **** piety under Lugonu
  5726 | D:6      | Killed Menkaure
  5726 | D:6      | Reached skill level 3 in Shields
  6036 | D:6      | Reached skill level 7 in Invocations
  6036 | D:6      | Reached XP level 9. HP: 69/71 MP: 10/13
  6373 | D:6      | Found a staircase to the Ecumenical Temple.
  6559 | D:6      | Bought a +0 pair of boots for 63 gold pieces
  6594 | D:7      | Reached skill level 4 in Shields
  6910 | D:7      | Reached skill level 8 in Polearms
  7057 | D:7      | Reached skill level 8 in Invocations
  7365 | D:7      | Reached ***** piety under Lugonu
  7370 | D:7      | Noticed a hornet
  7383 | D:7      | Killed a hornet
  7607 | D:7      | Noticed a two-headed ogre
  7607 | D:7      | Noticed a cyclops
  7628 | D:7      | Killed a two-headed ogre
  7628 | D:7      | Reached skill level 9 in Polearms
  7628 | D:7      | Reached skill level 9 in Invocations
  7628 | D:7      | Reached XP level 10. HP: 36/78 MP: 6/16
  7881 | D:7      | Killed a cyclops
  7881 | D:7      | Reached skill level 10 in Invocations
  8251 | D:7      | Found a runed translucent gate.
  8251 | D:7      | Identified the +3 plate armour of the Sea {+Inv rElec rCorr
                  | Dex+3}
  8337 | D:7      | Found a runed translucent gate.
  8337 | D:7      | Noticed PeterMcNeter's ghost (novice DDFi)
  8338 | D:7      | Found a runed translucent gate.
  8344 | D:7      | Found a roughly hewn altar of Beogh.
  8582 | D:8      | Identified +0 swamp dragon scales
  8582 | D:8      | Noticed Maggie
  8591 | D:8      | Killed Maggie
  8657 | D:8      | Reached skill level 10 in Polearms
  8684 | D:8      | Noticed a two-headed ogre
  8696 | D:8      | Killed a two-headed ogre
  8764 | D:8      | Noticed a two-headed ogre
  8775 | D:8      | Killed a two-headed ogre
  8775 | D:8      | Reached skill level 11 in Polearms
  9127 | D:8      | Found a runed translucent gate.
  9127 | D:8      | Found a runed translucent gate.
  9128 | D:8      | Found a runed translucent gate.
  9130 | D:8      | Noticed p0werm0de's ghost (novice DDFi)
  9198 | D:8      | Noticed Erica
  9210 | D:8      | Killed Erica
  9210 | D:8      | Reached XP level 11. HP: 72/84 MP: 14/17
  9941 | D:9      | Reached skill level 12 in Polearms
 10304 | D:9      | Reached skill level 3 in Armour
 10396 | D:9      | Found a staircase to the Orcish Mines.
 10576 | D:9      | Reached skill level 4 in Armour
 10731 | D:9      | Found a large runed translucent door.
 10732 | D:9      | Found a large runed translucent door.
 10737 | D:9      | Found a large runed translucent door.
 10737 | D:9      | Found a large runed translucent door.
 10869 | D:9      | Reached skill level 5 in Armour
 11036 | D:9      | Got a jewelled dagger
 11147 | D:10     | Entered Level 10 of the Dungeon
 11267 | D:10     | Reached ****** piety under Lugonu
 11299 | D:10     | Noticed Gastronok
 11317 | D:10     | Killed Gastronok
 11317 | D:10     | Reached skill level 7 in Armour
 11350 | D:10     | Noticed Harold
 11373 | D:10     | Killed Harold
 11393 | D:10     | Identified the Guide on the Snowflakes
 11454 | D:10     | Reached skill level 8 in Armour
 11486 | D:10     | Killed an unseen horror
 11486 | D:10     | Reached XP level 12. HP: 80/91 MP: 15/18
 11626 | D:10     | Noticed Erolcha
 11644 | D:10     | Killed Erolcha
 11644 | D:10     | Reached skill level 9 in Armour
 12111 | D:11     | Identified +0 acid dragon scales
 12139 | D:11     | Noticed a death yak
 12139 | D:11     | Noticed a death yak
 12177 | D:11     | Killed a death yak
 12459 | D:11     | Noticed a death yak
 12459 | D:11     | Noticed a death yak
 12497 | D:11     | Killed a death yak
 12497 | D:11     | Reached skill level 5 in Fighting
 12960 | D:11     | Found a staircase to the Lair.
 12962 | D:11     | Noticed a death yak
 12998 | D:10     | Killed a death yak
 12998 | D:10     | Reached skill level 11 in Invocations
 13209 | D:11     | Found a portal to a secret trove of treasure.
 13364 | D:11     | Reached skill level 10 in Armour
 13528 | D:11     | Killed a death yak
 13528 | D:11     | Reached skill level 6 in Fighting
 13543 | D:11     | Killed a death yak
 14018 | D:3      | Killed Crazy Yiuf
 14263 | D:8      | Killed PeterMcNeter's ghost
 14632 | D:8      | Killed p0werm0de's ghost
 14886 | Lair:1   | Entered Level 1 of the Lair of Beasts
 14889 | Lair:1   | Reached XP level 13. HP: 104/104 MP: 20/20
 14906 | Lair:1   | Reached skill level 7 in Fighting
 14992 | Lair:1   | Noticed Sonja
 15000 | Lair:1   | Killed Sonja
 15133 | Lair:1   | Noticed Grum
 15152 | Lair:1   | Killed Grum
 15172 | Lair:1   | Noticed Fannar
 15191 | Lair:1   | Killed Fannar
 15191 | Lair:1   | Reached skill level 12 in Invocations
 15823 | Lair:2   | Reached skill level 8 in Fighting
 15995 | Lair:2   | Found a staircase to the Snake Pit.
 16027 | Lair:2   | Reached skill level 11 in Armour
 16624 | Lair:3   | Found a staircase to the Swamp.
 17214 | Lair:3   | Found a hazy altar of Hepliaklqana.
 17235 | Lair:3   | Reached skill level 9 in Fighting
 17610 | Lair:4   | Found a gate leading to a gauntlet.
 17634 | Gauntlet | Entered a Gauntlet
 17634 | Gauntlet | Found a transporter.
 17634 | Gauntlet | Found a transporter.
 17655 | Gauntlet | Found a transporter.
 17656 | Gauntlet | Found a transporter.
 17664 | Gauntlet | Found a transporter.
 17668 | Gauntlet | Found a transporter.
 17677 | Gauntlet | Found a transporter.
 17692 | Gauntlet | Found a transporter.
 17706 | Gauntlet | Found a transporter.
 17710 | Gauntlet | Found a transporter.
 17721 | Gauntlet | Found a transporter.
 17722 | Gauntlet | Found a transporter.
 17895 | Gauntlet | Identified the +7 morningstar "Ogaz" {vorpal, rN+ Str+6}
 17895 | Gauntlet | Identified +0 shadow dragon scales
 17895 | Gauntlet | Noticed a minotaur
 18482 | Gauntlet | Got an ichor-stained cloak
 18493 | Gauntlet | Identified the cursed -2 cloak of the Arcane {*Drain MR+
                  | Int+3 SInv} (You found it in a Gauntlet)
 18553 | Gauntlet | Banished a minotaur
 18553 | Gauntlet | Reached skill level 13 in Invocations
 18555 | Gauntlet | Got a brightly glowing kite shield
 18875 | Gauntlet | Identified the +3 kite shield "Xokuth" {*Corrode rC+ Str+6}
                  | (You found it in a Gauntlet)
 19156 | Lair:4   | Reached XP level 14. HP: 119/119 MP: 22/22
 19271 | Lair:4   | Reached skill level 10 in Fighting
 20026 | Lair:5   | Identified 2 scrolls of acquirement
 20027 | Lair:5   | Acquired 630 gold pieces
 20242 | Lair:5   | Reached skill level 12 in Armour
 20254 | Lair:5   | Found a staircase to the Slime Pits.
 20647 | Lair:6   | Entered Level 6 of the Lair of Beasts
 21444 | Lair:6   | Reached skill level 14 in Invocations
 21702 | Lair:6   | Reached skill level 11 in Fighting
 22544 | Orc:1    | Entered Level 1 of the Orcish Mines
 22962 | Orc:2    | Entered Level 2 of the Orcish Mines
 22968 | Orc:2    | Paralysed by an orc sorcerer for 6 turns
 22982 | Orc:1    | Reached skill level 12 in Fighting
 22982 | Orc:1    | Reached skill level 13 in Armour
 23274 | Orc:2    | Reached XP level 15. HP: 133/133 MP: 24/24
 23802 | Orc:2    | Found a staircase to the Elven Halls.
 24738 | Orc:2    | Found Guekhlu's Gadget Shoppe.
 24738 | Orc:2    | Found Veshrof's Book Shop.
 24740 | Orc:2    | Found Gawaboro's Gadget Shop.
 24740 | Orc:2    | Found Tafa's Magic Scroll Shoppe.
 25248 | Orc:2    | Bought a scroll of immolation for 42 gold pieces
 25248 | Orc:2    | Bought a scroll of brand weapon for 240 gold pieces
 25248 | Orc:2    | Bought a scroll of enchant armour for 90 gold pieces
 25401 | D:12     | Reached skill level 13 in Fighting
 25473 | D:12     | Noticed Jorgrun
 25496 | D:12     | Killed Jorgrun
 26136 | D:12     | Reached skill level 14 in Armour
 26752 | D:13     | Found a runed translucent door.
 26767 | D:13     | Noticed Nessos
 26768 | D:13     | Noticed Urug
 26808 | D:13     | Killed Urug
 26809 | D:13     | Found a gate to the Vaults.
 26838 | D:13     | Noticed Rupert
 26879 | D:13     | Killed Rupert
 26886 | D:13     | Reached skill level 14 in Fighting
 26911 | D:13     | Killed Nessos
 28342 | D:13     | Identified a +2 robe of resistance
 28390 | D:13     | Reached XP level 16. HP: 117/147 MP: 25/25
 28412 | D:13     | Found a roughly hewn altar of Beogh.
 28691 | D:14     | Found a huge runed translucent gate.
 28691 | D:14     | Found a huge runed translucent gate.
 28691 | D:14     | Found a huge runed translucent gate.
 28691 | D:14     | Found a huge runed translucent gate.
 28807 | D:14     | Found Suluy's Gadget Shop.
 29303 | D:15     | Entered Level 15 of the Dungeon
 29379 | D:15     | Found a staircase to the Depths.
 29401 | D:15     | Reached skill level 15 in Fighting
 29401 | D:15     | Reached skill level 15 in Armour
 29594 | D:15     | Got an ichor-stained trident
 29595 | D:15     | Identified the cursed +0 trident of the Six Bounties {vamp,
                  | +Blink rF+} (You found it on level 15 of the Dungeon)
 29899 | D:15     | Noticed Kirke
 29908 | D:15     | Noticed a sphinx
 29922 | D:15     | Killed Kirke
 30616 | Depths:1 | Entered Level 1 of the Depths
 30673 | Depths:1 | Found Cowkipig's Mass Market.
 30955 | Depths:1 | Identified +0 fire dragon scales
 31451 | Depths:1 | Noticed Hexiuplu's ghost (adept SpEn)
 31452 | Depths:1 | Found a transporter.
 31460 | Depths:1 | Noticed an ancient lich
 31471 | Depths:1 | Noticed an Executioner
 31474 | Depths:1 | Identified the +5 great sword of Misery {distort, MR+ Str-2
                  | Int+2}
 31478 | Depths:1 | Noticed a tentacled starspawn
 31763 | Depths:1 | Acquired a manual of Shields
 31789 | Depths:1 | Reached skill level 16 in Fighting
 31853 | Depths:1 | Reached skill level 5 in Shields
 32006 | Depths:1 | Found a one-way gate to the infinite horrors of the Abyss.
 32084 | Depths:1 | Noticed a tentacled monstrosity
 32160 | Depths:1 | Reached XP level 17. HP: 158/158 MP: 26/26
 32173 | Depths:1 | Reached skill level 6 in Shields
 32200 | Depths:1 | Reached skill level 16 in Armour
 32239 | Depths:1 | Noticed a tentacled starspawn
 32251 | Depths:1 | Found a transporter.
 32404 | Depths:1 | Found a gateway to Hell.
 32575 | Depths:1 | Reached skill level 7 in Shields
 33649 | Depths:1 | HP: 12/160 [deep troll (11)]
 34220 | Depths:2 | Reached skill level 8 in Shields
 34378 | Depths:2 | Identified +0 ice dragon scales
 35492 | Depths:2 | Reached skill level 9 in Shields
 35509 | Depths:2 | HP: 15/160 [tengu reaver/+3 halberd of freezing (7)]
 35516 | Depths:2 | Reached skill level 17 in Fighting
 36530 | Depths:2 | Identified +0 ice dragon scales
 36738 | Depths:2 | Reached skill level 10 in Shields
 37264 | Depths:2 | Noticed a juggernaut
 37264 | Depths:2 | Noticed a tentacled monstrosity
 37773 | Swamp:1  | Entered Level 1 of the Swamp
 38061 | Swamp:1  | Reached XP level 18. HP: 127/170 MP: 27/27
 39090 | Swamp:2  | Reached skill level 2 in Dodging
 39286 | Swamp:2  | Reached skill level 11 in Shields
 39549 | Swamp:3  | Identified +0 swamp dragon scales
 39765 | Swamp:3  | Found a shimmering blue altar of Sif Muna.
 39944 | Swamp:3  | Reached skill level 17 in Armour
 40143 | Swamp:4  | Entered Level 4 of the Swamp
 40216 | Swamp:4  | Reached skill level 3 in Dodging
 40846 | Swamp:3  | Reached skill level 4 in Dodging
 40919 | Swamp:3  | Identified +0 swamp dragon scales
 40969 | Swamp:4  | Reached skill level 12 in Shields
 41187 | Swamp:4  | Reached skill level 18 in Fighting
 41474 | Swamp:4  | Got a decaying rune of Zot
 41836 | Swamp:4  | Reached skill level 5 in Dodging
 42161 | Snake:1  | Entered Level 1 of the Snake Pit
 42229 | Snake:1  | Identified the +7 dire flail of Pogah {distort, rElec rPois
                  | Stlth+}
 42233 | Snake:1  | Noticed a tentacled monstrosity
 42272 | Snake:1  | Noticed astrid's ghost (journeyman SpCK)
 42289 | Snake:1  | Found Mom Ofi's Armour Emporium.
 42290 | Snake:1  | Found Xar Siaf's Jewellery Shoppe.
 42290 | Snake:1  | Found Ryvugat's Assorted Antiques.
 42293 | Snake:1  | Found Zonlith's Antique Armour Shoppe.
 42337 | Snake:1  | Found a transporter.
 42359 | Snake:1  | Found a transporter.
 42688 | Snake:1  | Reached skill level 13 in Shields
 42815 | Snake:1  | Reached skill level 6 in Dodging
 43784 | Snake:1  | Killed astrid's ghost
 43800 | Snake:1  | Reached skill level 7 in Dodging
 43809 | Snake:1  | Cast into level 2 of the Abyss (naga warrior)
 43826 | Abyss:2  | Found a corrupted altar of Lugonu.
 44040 | Abyss:2  | Reached XP level 19. HP: 177/179 MP: 28/28
 44065 | Abyss:2  | Noticed a bone dragon
 44095 | Abyss:2  | Killed a bone dragon
 44095 | Abyss:2  | Reached skill level 8 in Dodging
 44204 | Abyss:2  | Noticed a lich
 44223 | Abyss:2  | Killed a lich
 44290 | Snake:1  | Escaped the Abyss
 44318 | Snake:1  | Voluntarily entered the Abyss.
 44339 | Abyss:1  | Reached skill level 9 in Dodging
 45037 | Snake:1  | Escaped the Abyss
 45047 | Snake:1  | Killed a tentacled monstrosity
 45255 | Snake:1  | Got a vibrating ruby amulet
 45287 | Snake:1  | Bought a bloodstained plate armour for 924 gold pieces
 45287 | Snake:1  | Bought a scroll of identify for 66 gold pieces
 45290 | Snake:1  | Identified the amulet of Illerch {Inacc MP+9 Str+7} (You
                  | found it on level 1 of the Snake Pit)
 45305 | Snake:1  | Identified the +5 plate armour "Becytil" {Str+4} (You
                  | bought it in a shop on level 1 of the Snake Pit)
 45326 | Snake:1  | Bought a +2 pair of gloves of archery for 344 gold pieces
 45337 | Snake:1  | Bought a smelly plate armour for 1092 gold pieces
 45347 | Snake:1  | Identified the +1 plate armour of Broken Taboos {rC+ MR+}
                  | (You bought it in a shop on level 1 of the Snake Pit)
 45946 | Snake:2  | Reached skill level 10 in Dodging
 47411 | Snake:4  | Entered Level 4 of the Snake Pit
 47851 | Snake:4  | Reached skill level 19 in Fighting
 47935 | Snake:4  | Reached XP level 20. HP: 191/191 MP: 29/29
 48081 | Snake:4  | Reached skill level 18 in Armour
 49218 | Snake:4  | Got a serpentine rune of Zot
 49403 | Snake:4  | Found Hatri's Magic Scroll Shop.
 49406 | Snake:4  | Bought a scroll of torment for 127 gold pieces
 49406 | Snake:4  | Bought a scroll of identify for 34 gold pieces
 49669 | Snake:1  | Bought a +4 ring of slaying for 1092 gold pieces
 49890 | Vaults:1 | Entered Level 1 of the Vaults
 50373 | Vaults:1 | Reached skill level 20 in Fighting
 51223 | Vaults:1 | Identified +0 ice dragon scales
 51223 | Vaults:1 | Reached skill level 19 in Armour
 51465 | Snake:1  | Bought a scroll of enchant armour for 247 gold pieces
 51644 | Vaults:1 | Reached XP level 21. HP: 202/202 MP: 30/30
 52754 | Vaults:2 | Found a runed translucent door.
 52754 | Vaults:2 | Noticed ttejieo's ghost (adept OpFi)
 52794 | Vaults:2 | Killed ttejieo's ghost
 52911 | Vaults:2 | Acquired a +4 lajatang of speed
 53193 | Vaults:2 | Found Goissiev's Assorted Antiques.
 53199 | Vaults:2 | Reached skill level 21 in Fighting
 53223 | Vaults:2 | Acquired 840 gold pieces
 53225 | Vaults:2 | Bought a runed cloak for 202 gold pieces
 53257 | Vaults:2 | Found a staircase to the Crypt.
 55524 | Vaults:3 | Reached skill level 20 in Armour
 55856 | Vaults:4 | Identified +0 ice dragon scales
 56069 | Vaults:4 | Reached XP level 22. HP: 214/215 MP: 31/31
 56247 | Vaults:2 | Bought a scroll of identify for 54 gold pieces
 56616 | Vaults:3 | Reached skill level 22 in Fighting
 57917 | Vaults:4 | Noticed Mara
 57940 | Vaults:4 | Noticed sanka's illusion
 58157 | Vaults:4 | Killed Mara
 58161 | Vaults:4 | Identified a +3 demon trident of distortion (a +1 demon
                  | trident of venom corrupted by Lugonu)
 58161 | Vaults:4 | Received a gift from Lugonu
 58767 | Orc:2    | Bought a scroll of enchant weapon for 90 gold pieces
 58767 | Orc:2    | Bought a scroll of enchant weapon for 90 gold pieces
 59059 | Vaults:2 | Bought 2 scrolls of enchant weapon for 405 gold pieces
 59354 | Depths:2 | Banished a juggernaut
 59692 | Depths:2 | Identified +0 ice dragon scales
 59817 | Depths:4 | Paralysed by a floating eye for 4 turns
 59883 | Abyss:1  | Paralysed by accursed screaming for 1 turns
 60021 | Abyss:1  | Paralysed by a great orb of eyes for 6 turns
 60083 | Abyss:1  | Reached skill level 21 in Armour
 60208 | Abyss:1  | Reached skill level 23 in Fighting
 60741 | Depths:4 | Escaped the Abyss
 60742 | Depths:4 | Paralysed by a floating eye for 2 turns
 60748 | Depths:3 | Noticed Nikola
 60751 | Depths:3 | Found a gateway to a ziggurat.
 60751 | Depths:3 | Noticed Asterion
 60765 | Depths:3 | Paralysed by a vampire knight for 7 turns
 60818 | Depths:3 | Paralysed by a vampire knight for 6 turns
 60837 | Depths:3 | HP: 22/220 [spark wasp (4)]
 60842 | Depths:3 | HP: 19/220 [spriggan berserker/+1 antimagic flail (1)]
 60847 | Depths:3 | HP: 14/220 [spriggan berserker/+1 antimagic flail (5)]
 60850 | Depths:2 | Slain by a spark wasp

Vanquished Creatures
  Mara (Vaults:4)
  3 bone dragons
  Rupert (D:13)
  Jorgrun (D:12)
  2 tentacled monstrosities
  A lich (Abyss:2)
  The ghost of ttejieo the Warrior, an adept OpFi of Gozag (Vaults:2)
  Gastronok (D:10)
  2 tentacled starspawn (Abyss:1)
  A sphinx (Vaults:4)
  A thorn hunter (Swamp:4)
  A storm dragon (shapeshifter) (Depths:2)
  Kirke (D:15)
  4 tengu reavers
  9 nagarajas
  A fire giant (Depths:2)
  2 frost giants (Depths:2)
  A deep elf sorcerer (Vaults:1)
  A balrug (Abyss:1)
  A cacodemon (Snake:1)
  7 vault wardens
  A draconian stormcaller (Abyss:2)
  An orc warlord (Vaults:4)
  10 ironheart preservers
  12 stone giants
  10 very ugly things
  An entropy weaver (Vaults:3)
  The ghost of astrid the Unseen, a journeyman SpCK of Xom (Snake:1)
  Nessos (D:13)
  A deep elf demonologist (Abyss:2)
  10 ettins
  4 fire dragons
  7 yaktaur captains
  Fannar (Lair:1)
  Erolcha (D:10)
  11 ogre magi
  19 naga warriors
  Harold (D:10)
  8 great orbs of eyes
  Erica (D:8)
  7 ice dragons
  8 vault guards
  11 anacondas
  14 centaur warriors
  4 shambling mangroves
  15 hydras
  2 death knights (Vaults:2)
  38 two-headed ogres
  2 ghost crabs
  3 catoblepae
  8 alligators
  3 tengu warriors
  6 deep troll shamans
  19 naga sharpshooters
  2 deep troll earth magi (Depths:2)
  4 vampire magi
  3 deep elf knights
  10 death yaks
  5 shock serpents
  A storm dragon zombie (Vaults:3)
  The ghost of p0werm0de the Chopper, a novice DDFi of Gozag (D:8)
  6 orc high priests
  5 thrashing horrors
  The ghost of PeterMcNeter the Cleaver, a novice DDFi of Makhleb (D:8)
  Sonja (Lair:1)
  A sun demon (Abyss:1)
  Urug (D:13)
  A titan skeleton (Vaults:3)
  2 salamander mystics
  A shadow wraith (Vaults:2)
  A wretched star (Abyss:1)
  2 unseen horrors
  3 hell knights
  An iron troll (D:15)
  22 starcursed masses
  12 naga ritualists
  4 skeletal warriors (Vaults:2)
  A sixfirhy (Gauntlet)
  5 swamp dragons
  A shadow demon (Abyss:1)
  5 deep elf archers
  A flayed ghost (D:15)
  13 deep trolls
  8 ironbrand convokers
  A spriggan druid (Swamp:4)
  A glowing orange brain (Snake:1)
  4 wizards
  3 lindwurms
  4 necromancers
  22 orc knights
  7 mana vipers
  An oklob plant (Lair:3)
  A shining eye (shapeshifter) (Vaults:1)
  A sphinx zombie (Vaults:3)
  13 deep elf magi
  A harpy (Vaults:2)
  9 orc sorcerers
  A tengu skeleton (Vaults:3)
  A mana viper (shapeshifter) (Depths:1)
  11 large abominations
  32 ugly things
  4 worldbinders
  3 cyclopes
  5 wolf spiders
  A frost giant zombie (Abyss:1)
  7 salamanders
  A manticore (D:13)
  4 elephants (Lair:6)
  3 guardian serpents
  45 black mambas
  3 smoke demons (Abyss:1)
  10 vault sentinels
  16 naga magi
  A torpor snail (Lair:6)
  15 cane toads
  2 frost giant skeletons
  A hellion (Abyss:1)
  Maggie (D:8)
  A gargoyle (D:14)
  A rime drake (Lair:2)
  A kobold demonologist (D:11)
  8 komodo dragons
  A komodo dragon (shapeshifter) (Vaults:4)
  An efreet (Abyss:1)
  A harpy zombie (D:14)
  33 yaktaurs
  6 ancient zymes
  3 tengu conjurers
  4 freezing wraiths
  5 trolls
  A wind drake (shapeshifter) (Vaults:1)
  A merfolk (shapeshifter) (Depths:2)
  A yaktaur skeleton (Vaults:3)
  11 tyrant leeches
  18 hornets
  4 polar bears
  A polar bear (shapeshifter) (Vaults:4)
  3 bog bodies
  5 raiju (Abyss:1)
  28 slime creatures
  23 blink frogs
  11 hippogriffs
  A human simulacrum (Vaults:3)
  8 dream sheep
  A hippogriff (shapeshifter) (Depths:1)
  A fire giant simulacrum (Vaults:2)
  8 spriggans
  50 yaks
  3 shadows
  2 wraiths
  2 ynoxinuls (Abyss:1)
  2 wyverns (shapeshifter)
  2 water elementals (Depths:1)
  3 wyverns
  2 hogs (D:15)
  An orc simulacrum (Vaults:3)
  Grum (Lair:1)
  16 humans
  Eustachio (D:5)
  A steam dragon (D:10)
  A human (shapeshifter) (Vaults:1)
  Menkaure (D:6)
  3 basilisks
  A neqoxec (Abyss:1)
  A yaktaur simulacrum (Vaults:1)
  5 vampire mosquitoes
  A chaos spawn (Abyss:1)
  6 wargs
  3 acid dragons
  12 insubstantial wisps
  50 nagas
  16 swamp worms
  12 water moccasins
  15 small abominations
  A floating eye (Depths:4)
  5 porcupines
  A hornet zombie (D:14)
  2 eyes of draining
  A phantom (D:10)
  2 sky beasts
  3 black bears
  4 human zombies (Vaults:3)
  8 ice beasts
  49 orc warriors
  2 necrophages
  An ogre (shapeshifter) (D:15)
  10 swamp drakes
  10 wolves
  33 centaurs
  8 boggarts
  An eye of draining (shapeshifter) (Vaults:4)
  41 ogres
  9 crocodiles
  5 big kobolds
  11 bullfrogs
  A wyvern zombie (D:13)
  A gnoll sergeant (Orc:2)
  5 scorpions
  7 wights
  5 howler monkeys
  7 electric eels
  A crimson imp (Abyss:1)
  7 centaur zombies
  A wyvern simulacrum (D:8)
  A bullfrog zombie (D:8)
  4 quasits (Abyss:1)
  8 jellies
  2 hounds
  26 orc priests
  Crazy Yiuf (D:3)
  8 centaur skeletons
  32 orc wizards
  An iron imp (Abyss:1)
  Jessica (D:2)
  2 bullfrog skeletons
  Natasha (thrice) (D:3)
  14 worker ants
  7 iguanas
  A killer bee zombie (D:6)
  2 hound skeletons
  A spectral worker ant (D:8)
  3 worker ant zombies
  Robin (D:2)
  A howler monkey skeleton (D:9)
  11 adders
  5 gnolls (Orc:2)
  5 shadow imps
  6 white imps
  6 ufetubi
  7 oozes
  An adder zombie (D:5)
  2 adder skeletons
  A worm (D:4)
  2 dart slugs
  6 leopard geckos
  89 orcs
  3 giant cockroaches
  16 hobgoblins
  5 jackals
  29 kobolds
  5 quokkas
  2 ball pythons
  10 bats
  6 frilled lizards
  12 goblins
  A quokka simulacrum (D:8)
  A quokka skeleton (D:5)
  A quokka zombie (D:6)
  10 rats
  A bush (D:7)
  A lurking horror (Abyss:1)
  A plant (Lair:6)
1653 creatures vanquished.

Vanquished Creatures (others)
  An ironheart preserver (Vaults:3)
  A minotaur (Gauntlet)
  A hydra (Swamp:3)
  An alligator (Swamp:1)
  An unseen horror (Vaults:1)
  A swamp dragon (Swamp:3)
  A naga ritualist (Snake:4)
  A deep troll (D:15)
  A large abomination (Abyss:1)
  A tengu skeleton (Vaults:4)
  A human skeleton (Vaults:4)
  A yaktaur (Depths:2)
  A dream sheep (Lair:5)
  An ettin zombie (Vaults:4)
  A centaur (Depths:2)
  A boggart (Depths:2)
  A bullfrog (Lair:5)
  A spectral howler monkey (D:8)
  An adder (Snake:2)
  An orc (Orc:2)
  10 fungi
  A lurking horror (Snake:1)
  17 plants
  4 starspawn tentacles (Abyss:1)
52 creatures vanquished.

Grand Total: 1705 creatures vanquished
